 Dungeon Crawl Stone Soup version 0.30-a0-457-g4b7bca3bfa (webtiles) character file.

Game seed: 11093017402809859649

28344 Strat the Severer (level 14, -3/133 HPs)
             Began as a Meteoran Berserker on Dec 13, 2022.
             Was a High Priest of Trog.
             Succumbed to a cane toad's poison
             ... on level 5 of the Lair of Beasts.
             The game lasted 00:38:04 (7470 turns).

Strat the Severer (Meteoran Berserker)              Turns: 7470, Time: 00:38:05

Health: -3/133     AC: 22    Str: 23    XL:     14   Next: 9%
Magic:  1/5        EV:  9    Int:  9    God:    Trog [*****.]
Gold:   990        SH:  0    Dex: 15    Spells: 13/13 levels left

rFire   . . .      SeeInvis .    a - +7 battleaxe (antimagic)
rCold   + . .      Faith    .    (shield currently unavailable)
rNeg    . . .      Spirit   +    C - +2 chain mail {rC+}
rPois   .          Reflect  .    (no helmet)
rElec   .          Harm     .    e - +1 cloak
rCorr   .          Rampage  .    F - +0 pair of gloves
Will    ++...                    G - +0 pair of boots
Stlth   ..........               r - amulet of guardian spirit
HPRegen 0.42/turn                p - +4 ring of protection
MPRegen 0.09/turn                j - ring of willpower

@: lethally poisoned (-3 -> -22), glowing
A: sense surroundings 2, otherworldly, glowing, explore regen
a: Renounce Religion, Berserk, Trog's Hand, Brothers in Arms


You were on level 5 of the Lair of Beasts.
You worshipped Trog.
Trog was extremely pleased with you.
You visited 2 branches of the dungeon, and saw 16 of its levels.

You collected 990 gold pieces.

Inventory:

Hand Weapons
 a - a +7 antimagic battleaxe (weapon)
 s - a +0 morningstar
 I - the +5 mace "Dulang" {flame, Str+5}
   (You found it on level 4 of the Lair of Beasts)

   It burns those it strikes, dealing additional fire damage.
   Str:       It affects your strength (+5).
 T - a +0 battleaxe
Missiles
 c - a throwing net
 o - 40 poisoned darts (quivered)
 x - 8 javelins
 E - 6 datura-tipped darts
 W - 4 curare-tipped darts
Armour
 e - a +1 cloak (worn)
 C - a +2 chain mail of cold resistance (worn)
 D - a +0 crystal plate armour
 F - a +0 pair of gloves (worn)
 G - a +0 pair of boots (worn)
Jewellery
 j - a ring of willpower (right hand)
 k - a +6 ring of dexterity
 p - a +4 ring of protection (left hand)
 r - an amulet of guardian spirit (around neck)
 v - a ring of protection from fire
 K - a +4 ring of evasion
 S - a ring of positive energy
Wands
 w - a wand of paralysis (23)
 y - a wand of flame (50)
 A - a wand of digging (1)
 J - a wand of iceblast (5)
 R - a wand of mindburst (5)
 U - a wand of acid (7)
Scrolls
 i - a scroll of enchant armour
 l - a scroll of teleportation
 q - a scroll of enchant weapon
 t - 4 scrolls of immolation
 B - a scroll of magic mapping
 H - 2 scrolls of fog
 Q - 4 scrolls of identify
Potions
 b - 2 potions of lignification
 d - 4 potions of mutation
 f - 2 potions of degeneration
 g - a potion of magic
 h - a potion of berserk rage
 m - a potion of cancellation
 n - 2 potions of ambrosia
 u - a potion of might
 z - 3 potions of brilliance
 L - 3 potions of flight
 N - a potion of heal wounds {unknown}
 O - a potion of resistance
 P - a potion of attraction {unknown}
 V - a potion of haste {unknown}


   Skills:
 + Level 14.8 Fighting
 - Level 18.0 Axes
 - Level 10.0 Armour
 - Level 2.4 Dodging
 - Level 7.0 Evocations


You had 13 spell levels left.
You didn't know any spells.
Your spell library was empty.

Dungeon Overview and Level Annotations

Branches:
Dungeon (11/15) Zot: 1383  Temple (0/1) D:6            Lair (5/5) D:8 Zot: 728
  Swamp (0/4) Lair:3        Snake (0/4) Lair:2        Slime (0/5) Lair:4
    Orc (0/2) D:11

Altars:
Hepliaklqana
Ru
Trog
Vehumet
Wu Jian
Zin
Jiyva

Shops:
D:6 (


Innate Abilities, Weirdness & Mutations

You passively map the area around you.
You are easily found by Zot.
You glow in the dark.
You regain HP and MP as you explore.


Message History

* * * LOW HITPOINT WARNING * * *
You are poisoned.
The cane toad poisons you!
There is a stone staircase leading up, spattered with blood here.
You slash the cane toad!
The cane toad is lightly wounded.
You feel very sick.
The blink frog blinks!
The cane toad stings you!
* * * LOW HITPOINT WARNING * * *
You hit the cane toad but do no damage.
The cane toad is lightly wounded.
You feel sick.
The cane toad stings you but does no damage.
You barely miss the cane toad.
The cane toad is lightly wounded.
You barely miss the blink frog.
You feel sick.
The blink frog blinks!
The cane toad stings you.
* * * LOW HITPOINT WARNING * * *
You are lethally poisoned!
The cane toad poisons you! The blink frog closely misses you.
You carve the cane toad like a ham!!!
The cane toad is almost dead.
You slash the blink frog!
The blink frog's magic leaks into the air.
* * * LOW HITPOINT WARNING * * *
You feel very sick.
The blink frog's magic is no longer disrupted.
The cane toad barely misses you.
The blink frog hits you but does no damage.
You hit the cane toad but do no damage.
The cane toad is almost dead.
You slice the blink frog!!
You kill the blink frog!
Trog accepts your kill.
* * * LOW HITPOINT WARNING * * *
You feel very sick.
The cane toad stings you but does no damage.
You closely miss the cane toad.
The cane toad is almost dead.
You die...

................# * ,
.. , ...........#, , *
, # ,.......D..## * ,
.......†..P# * # , ,
..........## * *#.., ,8
, , ..........# * ....
,
,#.##...<..#####.....,*
*** ####Y.##..F...... *
, ..##...F#.@.....#, ,
* .........#§.†.###.. ,
, ...........#...... **
* .[............).....
, ,
,....................,
, * ,
....#....#.........., ,
, ,#....######.........
, #... ##........, , ,
.. ...... ,


You could see a cane toad.

Vanquished Creatures
  Josephine (Lair:3)
  A centaur warrior (D:8)
  2 two-headed ogres
  Sonja (Lair:3)
  Amaemon (Lair:3)
  2 bog bodies (Lair:3)
  An orc knight (D:10)
  A lindwurm (Lair:2)
  2 cyclopes
  An ugly thing (D:7)
  2 black mambas
  An orange demon (Lair:3)
  An unseen horror (D:8)
  9 cane toads
  8 komodo dragons
  A troll (D:10)
  A hornet (D:8)
  7 blink frogs
  A slime creature (D:8)
  A shadow (D:10)
  Sigmund (D:5)
  A wyvern (D:8)
  3 wraiths (Lair:3)
  A spriggan (D:7)
  41 yaks
  2 steam dragons
  2 basilisks
  Edmund (D:6)
  3 swamp worms (Lair:3)
  4 acid dragons
  A naga (Lair:2)
  Duvessa (D:7)
  6 water moccasins
  3 black bears
  An ice beast (D:8)
  5 orc warriors
  8 wolves
  A centaur (D:8)
  4 phantoms
  5 kobold brigands
  6 bullfrogs
  A necrophage (D:8)
  3 scorpions
  2 wights (D:8)
  Dowan (D:7)
  21 killer bees
  6 howler monkeys
  3 orc priests
  3 hounds
  A jelly (D:7)
  Ijyb (D:5)
  An iguana (D:4)
  14 orc wizards
  9 adders
  2 white imps
  3 worms
  2 dart slugs
  34 orcs
  6 ball pythons
  7 endoplasms
  2 giant cockroaches
  4 goblins
  6 hobgoblins
  3 quokkas
  3 bats (D:2)
  2 frilled lizards
  10 kobolds
  7 rats
302 creatures vanquished.

Vanquished Creatures (collateral kills)
  A black mamba (Lair:3)
  A yak (Lair:3)
  A water moccasin (Lair:3)
3 creatures vanquished.

Vanquished Creatures (others)
  An orc (D:8)
  8 fungi
  14 plants (Lair:3)
23 creatures vanquished.

Grand Total: 328 creatures vanquished

Notes
Turn   | Place    | Note
-------+----------+-------------------------------------------
     0 | D:1      | Strat the Meteoran Berserker began the quest for the Orb.
     0 | D:1      | Reached XP level 1. HP: 19/19 MP: 2/2
   139 | D:1      | Reached skill level 4 in Axes
   229 | D:1      | Reached XP level 2. HP: 26/26 MP: 3/3
   381 | D:2      | Reached XP level 3. HP: 25/31 MP: 4/4
   423 | D:2      | Reached skill level 5 in Axes
   556 | D:2      | Reached XP level 4. HP: 35/38 MP: 5/5
   558 | D:2      | Reached ** piety under Trog
   753 | D:3      | Reached skill level 6 in Axes
   753 | D:3      | Reached XP level 5. HP: 36/45 MP: 6/6
   887 | D:3      | Found a sacrificial altar of Ru.
  1034 | D:4      | Noticed a phantom
  1047 | D:4      | Reached skill level 7 in Axes
  1061 | D:4      | Killed a phantom
  1062 | D:4      | Reached XP level 6. HP: 47/52 MP: 7/7
  1251 | D:4      | Found an ornate altar of the Wu Jian Council.
  1253 | D:4      | Found a radiant altar of Vehumet.
  1466 | D:5      | Entered Level 5 of the Dungeon
  1488 | D:5      | Reached XP level 7. HP: 55/59 MP: 8/8
  1596 | D:5      | Reached *** piety under Trog
  1664 | D:5      | Reached skill level 8 in Axes
  1682 | D:5      | Noticed Sigmund
  1692 | D:5      | Killed Sigmund
  1692 | D:5      | Noticed Ijyb
  1693 | D:5      | Reached skill level 5 in Fighting
  1693 | D:5      | Reached skill level 5 in Armour
  1693 | D:5      | Reached XP level 8. HP: 68/68 MP: 9/9
  1699 | D:5      | Killed Ijyb
  1812 | D:5      | Reached skill level 9 in Axes
  2031 | D:5      | Reached skill level 10 in Axes
  2107 | D:6      | Gained mutation: You passively map the area around you.
                  | [Meteoran growth]
  2107 | D:6      | Reached XP level 9. HP: 48/75 MP: 10/10
  2214 | D:6      | Found a staircase to the Ecumenical Temple.
  2333 | D:6      | Found Iriluloj's Weapon Emporium.
  2431 | D:6      | Found a bloodstained altar of Trog.
  2491 | D:6      | Noticed Edmund
  2500 | D:6      | Killed Edmund
  2765 | D:7      | Found a faded altar of an unknown god.
  2766 | D:7      | Found a hazy altar of Hepliaklqana.
  2825 | D:7      | Noticed Duvessa
  2826 | D:7      | Noticed Dowan
  2884 | D:7      | Killed Dowan
  2885 | D:7      | Reached skill level 10 in Fighting
  2893 | D:7      | Killed Duvessa
  2894 | D:7      | Reached XP level 10. HP: 77/93 MP: 11/11
  3192 | D:8      | Reached **** piety under Trog
  3558 | D:8      | Noticed a cyclops
  3565 | D:8      | Killed a cyclops
  3566 | D:8      | Reached skill level 11 in Axes
  3616 | D:8      | Paralysed by a hornet for 2 turns
  3620 | D:8      | Paralysed by a hornet for 1 turns
  3622 | D:8      | Paralysed by a hornet for 2 turns
  3649 | D:8      | Noticed a five-headed hydra
  3650 | D:8      | Noticed a centaur warrior
  3800 | D:9      | Noticed a two-headed ogre
  3861 | D:8      | Reached XP level 11. HP: 94/102 MP: 10/12
  4014 | D:8      | Killed a centaur warrior
  4015 | D:8      | Reached skill level 12 in Axes
  4148 | D:9      | Killed a two-headed ogre
  4220 | D:9      | Reached skill level 13 in Axes
  4220 | D:9      | Reached skill level 10 in Armour
  4318 | D:10     | Entered Level 10 of the Dungeon
  4346 | D:10     | Found a glowing silver altar of Zin.
  4511 | D:10     | Identified the +3 whip "Demonslayer" {vorpal, rElec}
  4599 | D:10     | Noticed a cyclops
  4609 | D:10     | Killed a cyclops
  4630 | D:10     | Reached ***** piety under Trog
  4670 | D:10     | Noticed an orc knight
  4689 | D:10     | Killed an orc knight
  4690 | D:10     | Reached skill level 14 in Axes
  5023 | D:8      | Noticed a two-headed ogre
  5034 | D:8      | Killed a two-headed ogre
  5066 | D:8      | Reached XP level 12. HP: 93/110 MP: 11/13
  5076 | D:8      | Reached skill level 15 in Axes
  5157 | D:8      | Found a staircase to the Lair.
  5169 | Lair:1   | Entered Level 1 of the Lair of Beasts
  5262 | Lair:1   | Reached skill level 1 in Evocations
  5686 | Lair:2   | Reached skill level 16 in Axes
  5738 | Lair:2   | Found a staircase to the Snake Pit.
  5753 | Lair:2   | Reached skill level 5 in Evocations
  5778 | Lair:2   | You fall into a shaft and drop 2 floors!
  5796 | Lair:4   | Identified the +5 mace "Dulang" {flame, Str+5}
  5933 | Lair:4   | Found a viscous altar of Jiyva.
  5934 | Lair:4   | Found a staircase to the Slime Pits.
  6121 | Lair:3   | Noticed Sonja
  6126 | Lair:3   | Killed Sonja
  6175 | Lair:3   | Reached skill level 17 in Axes
  6175 | Lair:3   | Reached XP level 13. HP: 78/116 MP: 11/14
  6395 | Lair:3   | Reached skill level 18 in Axes
  6400 | Lair:3   | Noticed Josephine
  6463 | Lair:3   | Noticed Amaemon
  6476 | Lair:3   | Killed Amaemon
  6553 | Lair:3   | Noticed an eight-headed hydra
  6554 | Lair:3   | Noticed a boulder beetle
  6641 | Lair:3   | Killed Josephine
  6825 | Lair:2   | Identified the +1 chain mail of Gluttony {Rampage MP+9
                  | Int-2}
  6878 | Lair:2   | Received a gift from Trog
  7212 | Lair:5   | Entered Level 5 of the Lair of Beasts
  7267 | Lair:5   | Noticed a five-headed hydra
  7330 | Lair:4   | Reached XP level 14. HP: 78/133 MP: 3/15
  7468 | Lair:5   | HP: 6/133 [poisoned by a cane toad]
  7469 | Lair:5   | HP: 1/133 [poisoned by a cane toad]
  7470 | Lair:5   | Succumbed to a cane toad's poison

Illustrated notes

Levels and vault maps discovered:
D:1:      sevenhm_arrival_forest_fort_large_2, layout_loops_ring
D:2:      layout_rooms
D:3:      layout_basic, lemuel_doored_altar
D:4:      layout_basic, gammafunk_temple_overflow_wave,
          kennysheep_generic_room_5
D:5:      layout_basic, uniq_sigmund, uniq_ijyb
D:6:      layout_basic, overflow_temple_1_default, minmay_temple_entry_mist,
          nicolae_take_the_stairs, uniq_edmund
D:7:      layout_cave_pools, nicolae_overflow_hidden_temple,
          beargit_hepliaklqana_dungeon_heroes, uniq_duvessa
D:8:      nzn_winding_woodlands_stair_cross
          [nzn_winding_woodlands_5x15_river_crossing,
          nzn_winding_woodlands_center_pierced_h,
          nzn_winding_woodlands_5x15_sidewinder,
          nzn_winding_woodlands_5x5_checkerboard,
          nzn_winding_woodlands_5x5_open_star, nzn_winding_woodlands_5x15_eye,
          nzn_winding_woodlands_center_diamonds,
          nzn_winding_woodlands_5x15_longhouse], layout_layer_cave
D:9:      layout_cross
D:10:     cheibrodos_orc_bank, layout_irregular_city, zin_statuary
D:11:     layout_layer_cave, zombieorc1_lemuel, serial_rivers,
          chequers_serial_rivers_small_a, chequers_serial_rivers_small_a,
          chequers_serial_rivers_small_a, chequers_serial_rivers_micro_b,
          chequers_serial_rivers_micro_d
Lair:1:   layout_cave_pods
Lair:2:   layout_regular_city, guppyfry_snake_entry_island
Lair:3:   layout_hall_layers, nicolae_swamp_entry_splash_gauntlet,
          minmay_shattered_shrine, uniq_sonja, uniq_amaemon, uniq_josephine
Lair:4:   layout_long_grid, slime_entry_1
Lair:5:   hellmonk_lair_end_abyssal_woods, layout_gridlike, grunt_megastairs_4

Skill      XL: |  1  2  3  4  5  6  7  8  9 10 11 12 13 |
---------------+----------------------------------------+-----
Axes           | 4 5 6 7 8 10 11 14 17 18 | 18.0
Armour         | 3 5 8 10 | 10.0
Fighting       | 4 5 6 10 11 14 | 14.8
Evocations     | 7 |  7.0
Dodging        | |  2.4

Action                   |  1- 3 |  4- 6 |  7- 9 | 10-12 | 13-15 || total
-------------------------+-------+-------+-------+-------+-------++-------
Melee: Hand axe          |    68 |   142 |   304 |     9 |       ||   523
       Punch             |     1 |       |     5 |       |       ||     6
       Battleaxe         |       |       |       |   428 |   229 ||   657
       War axe           |       |       |       |    40 |       ||    40
Invok: Berserk           |       |       |     4 |     6 |     1 ||    11
       Trog's Hand       |       |       |     1 |     1 |     1 ||     3
       Brothers in Arms  |       |       |       |     1 |       ||     1
Evoke: Wand              |       |       |       |     4 |     2 ||     6
  Use: Scroll            |       |     9 |     7 |    11 |     7 ||    34
       Potion            |       |       |       |     4 |     4 ||     8
Armor: Animal skin       |     5 |       |       |       |       ||     5
       Chain mail        |    34 |    87 |   208 |   415 |   164 ||   908
Dodge: Dodged            |    24 |    42 |   122 |   208 |    84 ||   480

Table legend: (Time is in decaauts)
 A = Elapsed time spent in this place.
 B = Non-inter-level travel time spent in this place.
 C = Inter-level travel time spent in this place.
 D = Time resting spent in this place.
 E = Time spent auto-exploring this place.
 F = Levels seen in this place.
 G = Mean time per level.
                   A        B        C        D        E       F      G
               +--------+--------+--------+--------+--------+-----+--------+
         Total |   7487 |   6865 |    622 |      0 |      0 |  16 |  467.9 |
       Dungeon |   5216 |   4861 |    355 |      0 |      0 |  11 |  474.2 |
          Lair |   2271 |   2004 |    267 |      0 |      0 |   5 |  454.2 |
               +--------+--------+--------+--------+--------+-----+--------+

Top non-repeatable levels by time:
     D:8: 1084 daAuts
  Lair:3: 732 daAuts
    D:10: 667 daAuts
     D:5: 607 daAuts
     D:6: 544 daAuts
  Lair:4: 529 daAuts
     D:7: 519 daAuts
  Lair:1: 483 daAuts
  Lair:2: 469 daAuts
     D:4: 438 daAuts
     D:2: 366 daAuts
     D:1: 354 daAuts
     D:9: 316 daAuts
     D:3: 306 daAuts
  Lair:5: 56 daAuts
